 Dungeon Crawl Stone Soup version 0.20.1-1-g8b1a95d (console) character file.

584 rafael the Gusty (level 7, -1/41 HPs)
             Began as a Halfling Air Elementalist on July 7, 2017.
             Was an Initiate of Makhleb.
             Slain by a centaur zombie (6 damage)
             ... on level 6 of the Dungeon.
             The game lasted 00:16:25 (2979 turns).

rafael the Gusty (Halfling Air Elementalist)        Turns: 2979, Time: 00:16:26

Health: -1/41      AC:  9    Str:  8 (9)  XL:     7   Next: 64%
Magic:  8/9        EV: 17    Int: 15 (18) God:    Makhleb [......]
Gold:   168        SH:  0    Dex: 15      Spells: 6/9 levels left

rFire    + . .     SeeInvis .   b - +3 mace (protect)
rCold    . . .     Gourm    .   (shield restricted)
rNeg     . . .     Faith    .   h - +0 robe
rPois    .         Spirit   .   (no helmet)
rElec    .         Reflect  .   (no cloak)
rCorr    .         Harm     .   (no gloves)
MR       .....                  (no boots)
Stlth    +++.......             (no amulet)
Regen    0.2/turn               g - +3 ring of intelligence
MPRegen  0.2/turn               e - ring of protection from fire

@: lethally poisoned (-1 -> -2), protection aura
A: mutation resistance 1
a: Renounce Religion


You were on level 6 of the Dungeon.
You worshipped Makhleb.
Makhleb was noncommittal.
You were not hungry.

You visited 1 branch of the dungeon, and saw 6 of its levels.

You collected 168 gold pieces.

Inventory:

Hand Weapons
 a - a +0 dagger
 b - a +3 mace of protection (weapon)
 m - a +1 dagger of chaos
Missiles
 s - 3 tomahawks (quivered)
Armour
 h - a +0 robe (worn)
Jewellery
 e - a ring of protection from fire (right hand)
 g - a +3 ring of intelligence (left hand)
Scrolls
 i - 3 scrolls of remove curse
 j - a scroll of enchant weapon
Potions
 f - a potion of curing
 l - 3 potions of haste {unknown}
 r - a potion of mutation {unknown}
 t - a potion of invisibility {unknown}
Books
 k - a book of Air

   Spells                             Type                      Level
   a - Shock                          Conjuration/Air              1
   b - Swiftness                      Charms/Air                   2
   c - Static Discharge               Conjuration/Air              3
   d - Airstrike                      Air                          4
   e - Lightning Bolt                 Conjuration/Air              5
Comestibles
 c - 5 bread rations
 d - 3 meat rations
 n - 2 royal jellies
 u - 2 fruits
 v - 8 chunks of flesh


   Skills:
 + Level 4.5 Dodging
 + Level 4.7 Stealth
 - Level 1.5 Spellcasting
 - Level 0.7 Conjurations
 * Level 6.4 Air Magic


You had 6 spell levels left.
You knew the following spells:

 Your Spells              Type           Power        Failure   Level  Hunger
a - Shock                 Conj/Air       ##..         5%          1    ##.....
z - Swiftness             Chrm/Air       ##......     10%         2    ###....


Dungeon Overview and Level Annotations

Branches:
Dungeon (6/15)
 Temple: D:4-7

Altars:
Fedhas
Gozag
Makhleb
Qazlal
Trog
Xom
Zin

Annotations:
D:5 Grinder; Quirk's ghost, novice TrFi


Innate Abilities, Weirdness & Mutations

You are small and have problems with some larger weapons.
You are somewhat resistant to further mutation.


Message History

You feel sick. The centaur zombie closely misses you.
The orc priest calls upon Beogh to heal the orc.
The orc's wounds heal themselves!
The centaur zombie completely misses you.
You hit the centaur zombie.
The centaur zombie is almost destroyed.
The centaur zombie closely misses you.
The orc priest mumbles some strange prayers to Beogh against you.
Beogh smites you!
* * * LOW HITPOINT WARNING * * *
The centaur zombie closely misses you.
You feel a little less clever now.
You hit the centaur zombie.
The centaur zombie is almost destroyed.
You feel sick.
The centaur zombie hits you but does no damage.
The centaur zombie closely misses you.
Unknown command.
The centaur zombie hits you.
You die...

####### .#
.....#########.#
...#... .....#
###>#.###.###.# #
#........#.##.#
#.
#.#@#.###.###.###
#.##.#Z#.#
#.......####
#......#.#
###.........
#...o..#.#
##...#####
####.###.# ##'##
#o# #.. #...# #.#
### #...# .>.
#_._# .#o #####


You could see an orc priest, an orc and a centaur zombie.

Vanquished Creatures
  A sky beast (D:6)
  An ogre (D:6)
  A crimson imp (D:6)
  A hound (D:5)
  3 orc wizards (D:4)
  A centaur skeleton (D:4)
  3 worker ants
  10 adders
  A worm (D:2)
  A leopard gecko (D:2)
  6 orcs
  2 ball pythons
  9 bats
  3 giant cockroaches
  8 goblins
  5 hobgoblins
  4 jackals (D:5)
  5 kobolds
  2 quokkas
  5 frilled lizards
  A jackal skeleton (D:4)
  3 rats
76 creatures vanquished.

Notes
Turn   | Place    | Note
-------+----------+-------------------------------------------
     0 | D:1      | rafael the Halfling Air Elementalist began the quest for the Orb.
     0 | D:1      | Reached XP level 1. HP: 11/11 MP: 3/3
   245 | D:1      | Reached XP level 2. HP: 15/17 MP: 0/4
   603 | D:1      | Reached XP level 3. HP: 19/21 MP: 3/5
   698 | D:2      | Found a glowing silver altar of Zin.
   698 | D:2      | Found an opulent altar of Gozag.
   755 | D:2      | Reached skill level 4 in Air Magic
   792 | D:2      | Found a stormy altar of Qazlal.
   871 | D:2      | Reached XP level 4. HP: 27/27 MP: 4/6
   932 | D:2      | Learned a level 2 spell: Swiftness
  1548 | D:3      | Found a bloodstained altar of Trog.
  1620 | D:3      | Reached XP level 5. HP: 31/31 MP: 3/7
  1915 | D:4      | Reached skill level 5 in Air Magic
  2151 | D:4      | Reached XP level 6. HP: 25/36 MP: 0/8
  2550 | D:5      | Entered Level 5 of the Dungeon
  2551 | D:5      | Noticed Quirk's ghost (novice TrFi)
  2623 | D:5      | Noticed Grinder
  2745 | D:6      | Found a blossoming altar of Fedhas.
  2789 | D:6      | Noticed an ogre
  2813 | D:6      | Killed an ogre
  2813 | D:6      | Reached skill level 6 in Air Magic
  2813 | D:6      | Reached XP level 7. HP: 21/41 MP: 5/9
  2930 | D:6      | Found a burning altar of Makhleb.
  2931 | D:6      | Found a shimmering altar of Xom.
  2937 | D:6      | Became a worshipper of Makhleb the Destroyer
  2979 | D:6      | Slain by a centaur zombie

Skill      XL: |  1  2  3  4  5  6 |
---------------+-------------------+-----
Air Magic      | 4 5 6 |  6.4
Dodging        | 3 4 |  4.5
Stealth        | 3 4 |  4.7
Spellcasting   | |  1.5
Conjurations   | |  0.7

Action                   |  1- 3 |  4- 6 |  7- 9 || total
-------------------------+-------+-------+-------++-------
Melee: Unarmed           |     6 |       |       ||     6
       Dagger            |    13 |    14 |       ||    27
       Mace              |       |    42 |    27 ||    69
 Cast: Shock             |    35 |    73 |     3 ||   111
  Use: Scroll            |       |     5 |       ||     5
       Potion            |       |       |     4 ||     4
 Stab: Sleeping          |     7 |     7 |     2 ||    16
  Eat: Chunk             |     1 |     6 |     1 ||     8
       Fruit             |       |     1 |       ||     1
Armor: Robe              |    10 |    24 |     9 ||    43
Dodge: Dodged            |    31 |    86 |    26 ||   143
